 Dungeon Crawl Stone Soup version 0.28-a0-447-g1f95980246 (webtiles) character file.

Game seed: 10331513506310220494

3580 Demosthentine the Spear-Bearer (level 10, -23/80 HPs)
             Began as a Merfolk Gladiator on Sept 12, 2021.
             Was a Believer of the Shining One.
             Annihilated by a very large slime creature (47 damage)
             ... on level 7 of the Dungeon.
             The game lasted 00:07:36 (6673 turns).

Demosthentine the Spear-Bearer (Merfolk Gladiator)  Turns: 6673, Time: 00:07:36

Health: -23/80     AC:  8    Str: 16    XL:     10   Next: 10%
Magic:  10/10      EV: 18    Int:  7    God:    the Shining One [**....]
Gold:   177        SH:  0    Dex: 20    Spells: 9/9 levels left

rFire   . . .      SeeInvis .   a - +1 trident
rCold   . . .      Faith    .   (no shield)
rNeg    + . .      Spirit   .   b - +0 leather armour
rPois   .          Reflect  .   (helmet restricted)
rElec   .          Harm     .   (no cloak)
rCorr   +          Rampage  .   k - +0 pair of gloves
Will    .....                   (no boots)
Stlth   +.........              (no amulet)
HPRegen 0.23/turn               g - +4 ring of protection
MPRegen 0.12/turn               j - ring of resist corrosion

@: glowing
A: (nimble swimmer 2), mertail, beak, thin skeletal structure 1, screaming 1,
subdued magic 1
a: Renounce Religion, Divine Shield


You were on level 7 of the Dungeon.
You worshipped the Shining One.
The Shining One was pleased with you.
You visited 2 branches of the dungeon, and saw 8 of its levels.

You collected 223 gold pieces.
You spent 46 gold pieces at shops.

Inventory:

Hand Weapons
 a - a +1 trident (weapon)
Missiles
 m - a throwing net (quivered)
Armour
 b - a +0 leather armour (worn)
 c - a +1 helmet
 k - a +0 pair of gloves (worn)
Jewellery
 g - a +4 ring of protection (left hand)
 j - a ring of resist corrosion (right hand)
Wands
 d - a wand of flame (15)
 f - a wand of charming (24)
 h - a wand of iceblast (9)
Scrolls
 n - a scroll of identify
 o - 2 scrolls of teleportation
Potions
 e - 2 potions of heal wounds
 i - a potion of attraction
 l - a potion of resistance


   Skills:
 + Level 8.1 Fighting
 + Level 10.9 Polearms
 - Level 2.0 Throwing
 + Level 5.2 Armour
 + Level 10.0 Dodging


You had 9 spell levels left.
You didn't know any spells.
Your spell library contained the following spells:

 Spells                   Type           Power      Damage    Failure   Level
 Poisonous Vapours        Pois/Air       0%         N/A       58%         2
 Call Canine Familiar     Summ           0%         N/A       83%         3
 Inner Flame              Hex/Fire       0%         N/A       83%         3
 Portal Projectile        Hex/Tloc       0%         N/A       83%         3
 Summon Guardian Golem    Hex/Summ       0%         N/A       83%         3
 Leda's Liquefaction      Hex/Erth       0%         N/A       99%         4
 Alistair's Intoxication  Tmut/Pois      0%         N/A       100%        5
 Orb of Destruction       Conj           0%         N/A       100%        7
 Spellforged Servitor     Conj/Summ      0%         N/A       100%        7


Dungeon Overview and Level Annotations

Branches:
Dungeon (7/15)             Temple (1/1) D:5

Altars:
Ashenzari
Cheibriados
Elyvilon
Fedhas
Gozag
Hepliaklqana
Kikubaaqudgha
Makhleb
Nemelex Xobeh
Okawaru
Qazlal
Ru
Sif Muna
Trog
Uskayaw
Vehumet
Wu Jian
Zin
The Shining One

Shops:
D:4 =*[

Annotations:
D:5 1 runed translucent door, yellowboar's ghost, novice DEAE


Innate Abilities, Weirdness & Mutations

((You are quick and stealthy near water. (Stealth+, EV+, Speed+++)))
Your lower body shifts to a powerful aquatic tail in water.
You have a beak for a mouth.
You have a somewhat thin skeletal structure. (Dex +2, Stealth+)
You occasionally shout uncontrollably at your foes.
Your spells are a little easier to cast, but a little less powerful.


Message History

The slime creature quivers.
Two slime creatures merge to form a large slime creature.
The slime creature quivers.
Two slime creatures merge to form a very large slime creature.
You hit the very large slime creature but do no damage.
You peck the very large slime creature.
The very large slime creature is lightly wounded.
The very large slime creature misses you.
You hit the very large slime creature.
You peck the very large slime creature, but do no damage.
The very large slime creature is lightly wounded.
You puncture the very large slime creature!
The very large slime creature is lightly wounded.
The very large slime creature hits you!!!
Ouch! That really hurt!
* * * LOW HITPOINT WARNING * * *
You are too injured to fight recklessly!
You are too injured to fight recklessly!
You are too injured to fight recklessly!
You are too injured to fight recklessly!
You are too injured to fight recklessly!
You are too injured to fight recklessly!
You are too injured to fight recklessly!
You are too injured to fight recklessly!
You are too injured to fight recklessly!
You are too injured to fight recklessly!
You are too injured to fight recklessly!
You are too injured to fight recklessly!
You are too injured to fight recklessly!
You are too injured to fight recklessly!
You are too injured to fight recklessly!
You are too injured to fight recklessly!
You are too injured to fight recklessly!
Unknown command.
You completely miss the very large slime creature.
You peck the very large slime creature.
The very large slime creature is lightly wounded.
The very large slime creature hits you!!!
Ouch! That really hurt!
You die...

.....+ .#.......
#....##.#..##### ##.
#...>##.#... ..
'....##.# ## ##..
#....##.## ...
..#......# # ###..
..#......# #.#.#.#
..#......# #.#.#J# .
..#.#<#'##.#<..#@# ...
..#.######.###.#.#.....
........ ..#..........#.
#.#..... ..#.#)#.#...###
#.########.#.#)#.#.#..#.
#.. ...#.#.#)#.# # ...
########.#.#...#.# ..
#................# .
###.####.#.......#


You could see a very large slime creature.

Vanquished Creatures
  Pikel (D:7)
  Grinder (D:4)
  6 yaks (D:5)
  2 water moccasins (D:6)
  3 black bears
  A sky beast (D:5)
  A necrophage (D:6)
  An ogre (D:6)
  A centaur (D:6)
  2 phantoms
  2 bullfrogs (D:6)
  2 scorpions
  A water moccasin skeleton (D:5)
  8 wights
  A jelly (D:5)
  A centaur skeleton (D:5)
  5 orc priests
  2 bullfrog skeletons
  A hound (D:5)
  An iguana (D:6)
  Terence (D:2)
  An orc wizard (D:6)
  A howler monkey skeleton (D:4)
  3 adders
  3 gnolls (D:6)
  A shadow imp (D:5)
  An ufetubus (D:3)
  5 worms
  3 dart slugs
  11 orcs
  3 ball pythons
  9 endoplasms
  3 giant cockroaches
  5 goblins
  5 hobgoblins
  6 kobolds
  4 quokkas
  6 bats
  4 frilled lizards
  4 rats
122 creatures vanquished.

Notes
Turn   | Place    | Note
-------+----------+-------------------------------------------
     0 | D:1      | Demosthentine the Merfolk Gladiator began the quest for the
                  | Orb.
     0 | D:1      | Reached XP level 1. HP: 16/16 MP: 1/1
    50 | D:1      | Reached XP level 2. HP: 23/23 MP: 2/2
   216 | D:1      | Got the Tome of Venomous Execration
   239 | D:1      | Reached XP level 3. HP: 19/28 MP: 3/3
   605 | D:2      | Noticed Terence
   629 | D:2      | Killed Terence
   630 | D:2      | Reached skill level 5 in Polearms
   630 | D:2      | Reached skill level 1 in Armour
   630 | D:2      | Reached XP level 4. HP: 22/34 MP: 4/4
  1504 | D:3      | Reached skill level 5 in Dodging
  1504 | D:3      | Reached XP level 5. HP: 15/41 MP: 5/5
  2124 | D:4      | Noticed a black bear
  2132 | D:4      | Killed a black bear
  2133 | D:4      | Reached XP level 6. HP: 40/48 MP: 6/6
  2244 | D:4      | Found Nut Ysot's Assorted Antiques.
  2246 | D:4      | Found Nuqief's Jewellery Emporium.
  2246 | D:4      | Found Culid's Antique Armour Shop.
  2252 | D:4      | Bought a glowing amethyst potion for 23 gold pieces
  2252 | D:4      | Bought a white potion for 23 gold pieces
  2267 | D:4      | Noticed Grinder
  2302 | D:4      | Gained mutation: Your spells are a little easier to cast,
                  | but a little less powerful. [potion of mutation]
  2302 | D:4      | Gained mutation: You occasionally shout uncontrollably at
                  | your foes. [potion of mutation]
  2302 | D:4      | Gained mutation: You have a somewhat thin skeletal
                  | structure. (Dex +2, Stealth+) [potion of mutation]
  2302 | D:4      | Gained mutation: You have a beak for a mouth. [potion of
                  | mutation]
  2310 | D:4      | Killed Grinder
  2311 | D:4      | Reached XP level 7. HP: 35/55 MP: 7/7
  2874 | D:5      | Entered Level 5 of the Dungeon
  2876 | D:5      | Found a runed translucent door.
  2882 | D:5      | Noticed yellowboar's ghost (novice DEAE)
  3379 | D:5      | Found a staircase to the Ecumenical Temple.
  3412 | D:5      | Noticed a yak
  3439 | Temple   | Entered the Ecumenical Temple
  3578 | Temple   | Became a worshipper of the Shining One
  3632 | D:5      | Noticed a yak
  3632 | D:5      | Noticed a yak
  3632 | D:5      | Noticed a yak
  3632 | D:5      | Noticed a yak
  3634 | D:5      | Noticed a yak
  3651 | D:5      | Killed a yak
  3652 | D:5      | Reached skill level 5 in Fighting
  3652 | D:5      | Reached XP level 8. HP: 62/62 MP: 8/8
  3656 | D:5      | Killed a yak
  3660 | D:5      | Killed a yak
  3665 | D:5      | Killed a yak
  3674 | D:5      | Killed a yak
  3686 | D:5      | Killed a yak
  4018 | D:5      | Reached XP level 9. HP: 60/71 MP: 9/9
  4879 | D:5      | Upgraded the game from 0.28-a0-429-g1448048969 to
                  | 0.28-a0-447-g1f95980246
  4969 | D:6      | Found a sacrificial altar of Ru.
  5054 | D:6      | Found a sparkling altar of Nemelex Xobeh.
  5498 | D:6      | Reached * piety under the Shining One
  5720 | D:6      | Reached skill level 10 in Polearms
  6503 | D:7      | Noticed Pikel
  6525 | D:7      | Killed Pikel
  6526 | D:7      | Reached skill level 5 in Armour
  6526 | D:7      | Reached XP level 10. HP: 47/80 MP: 10/10
  6590 | D:7      | Found a burning altar of Makhleb.
  6654 | D:7      | Reached skill level 10 in Dodging
  6667 | D:7      | Reached ** piety under the Shining One
  6673 | D:7      | Annihilated by a very large slime creature

Illustrated notes

Levels and vault maps discovered:
D:1:      minmay_arrival_diagonal_passages, layout_rooms
D:2:      layout_basic, uniq_terence
D:3:      layout_basic
D:4:      layout_cave_pools, serial_park, serial_park_gazebo
          [serial_park_minivault_5x5_4], serial_park_square1
          [serial_park_minivault_5x5_1], serial_park_square2,
          serial_park_square2, nicolae_wooded_promenade, uniq_grinder
D:5:      layout_loops_ring, minmay_temple_entry_nine_rooms,
          ebering_ghost_sewer_d
D:6:      layout_loops_corners, mainiacjoe_overflow_two_lobes
D:7:      layout_basic, lightli_temple_of_fire, chequers_ossuary_entry_cave,
          minmay_strange_pillars, uniq_pikel
Temple:   nicolae_temple_elliptical

Skill      XL: |  1  2  3  4  5  6  7  8  9 10 |
---------------+-------------------------------+-----
Polearms       | 5 6 7 9 10 | 10.9
Armour         | 1 2 3 5 |  5.2
Fighting       | 3 4 5 6 7 8 |  8.1
Dodging        | 5 6 7 8 9 10 | 10.0
Throwing       | |  2.0

Action                   |  1- 3 |  4- 6 |  7- 9 | 10-12 || total
-------------------------+-------+-------+-------+-------++-------
Melee: Trident           |    74 |   121 |   282 |    27 ||   504
       Peck              |       |       |    53 |     8 ||    61
Throw: Throwing net      |       |       |     4 |       ||     4
  Use: Scroll            |     2 |     7 |     4 |       ||    13
       Potion            |       |     5 |     2 |       ||     7
 Stab: Sleeping          |       |     1 |     4 |       ||     5
Armor: Leather armour    |    15 |    32 |    58 |     1 ||   106
       Skin              |       |     6 |       |       ||     6
Dodge: Dodged            |    45 |    55 |   156 |     6 ||   262

Table legend: (Time is in decaauts)
 A = Elapsed time spent in this place.
 B = Non-inter-level travel time spent in this place.
 C = Inter-level travel time spent in this place.
 D = Time resting spent in this place.
 E = Time spent auto-exploring this place.
 F = Levels seen in this place.
 G = Mean time per level.
                   A        B        C        D        E       F      G
               +--------+--------+--------+--------+--------+-----+--------+
         Total |   6635 |   6384 |    251 |      0 |   5317 |   8 |  829.4 |
       Dungeon |   6468 |   6217 |    251 |      0 |   5199 |   7 |  924.0 |
        Temple |    166 |    166 |      0 |      0 |    118 |   1 |  166.0 |
               +--------+--------+--------+--------+--------+-----+--------+

Top non-repeatable levels by time:
     D:5: 1876 daAuts
     D:6: 1542 daAuts
     D:4: 971 daAuts
     D:3: 721 daAuts
     D:2: 619 daAuts
     D:1: 563 daAuts
     D:7: 174 daAuts
  Temple: 166 daAuts
